AoeStats
← tigremaster

Pilgrims

508714894Analyzed
3v3 RM · 9d ago on Sep 23, 2026· 33m 31s· 6 players
Game mode
Random Map
Map size
Normal (6 player)
Population
200
Speed
Normal
Resources
Standard
Victory
Conquest
Starting age
Dark Age
Ending age
Imperial Age
RankedLock teamsTeams togetherTeam positionsShared explorationLock speedFull tech treeHidden civsTurbo modeCheats
Victory
Defeat
🇲🇽 Celts · Mexico
1202
+12
🇵🇱 Huns · Poland
1186
+12
🇨🇴 Poles · Colombia
1156
+13
🇦🇷 Sicilians · Argentina
1264
-18
🇦🇷 Franks · Argentina
1173
-14
🇦🇷 Italians · Argentina
870
-5
GUILLOTINA
5:21 Loom
11:18 Feudal Age
13:43 Gold Mining
13:40 Double-Bit Axe
15:44 Stone Mining
16:33 Wheelbarrow
15:43 Horse Collar
18:05 Castle Age
19:00 Medium Warships
19:25 Bow Saw
19:18 Heavy Plow
20:06 Fletching
24:09 Wheelbarrow
31:12 Imperial Age
33:08 Conscription
GN | Gohan 薬
8:40 Loom
12:09 Feudal Age
23:23 Wheelbarrow
24:48 Castle Age
23:48 Double-Bit Axe
25:51 Town Watch
33:28 Wheelbarrow
32:59 Fletching
33:54 Scale Barding Armor
mijalskid
10:38 Feudal Age
14:44 Castle Age
14:51 Loom
16:41 Fletching
18:23 Double-Bit Axe
19:28 Bodkin Arrow
19:49 Gold Mining
22:34 Scale Barding Armor
24:09 Forging
24:24 Horse Collar
26:41 Stone Mining
34:21 Chain Barding Armor
tigremaster
5:34 Loom
14:37 Feudal Age
15:28 Double-Bit Axe
18:44 Town Watch
19:36 Fishing Lines
20:05 Gold Mining
20:38 Fletching
32:34 Castle Age
Mauro
11:35 Feudal Age
12:03 Loom
12:29 Double-Bit Axe
13:39 Fishing Lines
15:20 Forging
19:03 Castle Age
Loco-Pro
9:30 Loom
11:48 Feudal Age
12:26 Man-at-Arms
14:23 Double-Bit Axe
18:56 Castle Age
17:16 Horse Collar
27:43 Pikeman
28:52 Fletching
29:03 Scale Mail Armor
Connection lost

Rejoining the realm…

Still unreachable

The connection could not be restored.

Session expired

The server has moved on; the page needs a fresh start.